 Dungeon Crawl Stone Soup version 0.29-a0-878-g7b45a56547 (webtiles) character file.

Game seed: 6308232607427761918

557 kevlar127 the Ruffian (level 7, -1/71 HPs)
             Began as a Troll Berserker on July 19, 2022.
             Was a Priest of Trog.
             Slain by a gnoll
             ... wielding a +0 halberd
             ... led by a gnoll sergeant
              (13 damage)
             ... on level 5 of the Dungeon.
             The game lasted 00:04:14 (2994 turns).

kevlar127 the Ruffian (Troll Berserker)             Turns: 2994, Time: 00:04:15

Health: -1/71      AC:  4    Str: 28    XL:     7   Next: 9%
Magic:  6/6        EV: 10    Int:  3    God:    Trog [***...]
Gold:   268        SH:  0    Dex:  9    Spells: 6/6 levels left

rFire   . . .      SeeInvis .     - Unarmed
rCold   . . .      Faith    .   (no shield)
rNeg    . . .      Spirit   .   a - +0 animal skin
rPois   .          Reflect  .   (helmet restricted)
rElec   .          Harm     .   j - scarf {repulsion}
rCorr   .          Rampage  .   (gloves unavailable)
Will    +....                   (boots unavailable)
Stlth   +.........              (no amulet)
HPRegen 1.01/turn               o - ring of willpower
MPRegen 0.10/turn               (no ring)

@: on berserk cooldown, slowed, repel missiles, very slow
A: large, unfitting armour, claws 3, regeneration 1, shaggy fur 1, tough skin 1
a: Renounce Religion, Berserk, Trog's Hand


You were on level 5 of the Dungeon.
You worshipped Trog.
Trog was most pleased with you.
You visited 1 branch of the dungeon, and saw 5 of its levels.

You collected 268 gold pieces.

Inventory:

Missiles
 k - 9 poisoned darts (quivered)
 l - 39 stones
 q - 3 boomerangs
Armour
 a - a +0 animal skin (worn)
 j - a scarf of repulsion (worn)
Jewellery
 o - a ring of willpower (left claw)
Wands
 t - a wand of polymorph (4)
Scrolls
 b - 5 scrolls of teleportation {unknown}
 d - 2 scrolls of silence {unknown}
 e - a scroll of brand weapon {unknown}
 i - 3 scrolls of identify {unknown}
 n - 2 scrolls of fog {unknown}
 u - a scroll of fear {unknown}
 v - a scroll of magic mapping {unknown}
Potions
 c - 2 potions of degeneration {unknown}
 f - a potion of invisibility {unknown}
 g - a potion of magic {unknown}
 h - a potion of berserk rage {unknown}
 m - 2 potions of haste {unknown}
 p - a potion of attraction {unknown}
 r - a potion of mutation {unknown}
 s - 2 potions of curing {unknown}
 w - a potion of heal wounds {unknown}


   Skills:
 + Level 4.9 Fighting
 - Level 3.0 Dodging
 + Level 5.9 Unarmed Combat


You had 6 spell levels left.
You didn't know any spells.
Your spell library was empty.

Dungeon Overview and Level Annotations

Branches:
Dungeon (5/15)             Temple (0/1) D:4

Altars:
Elyvilon

Annotations:
D:4 2 transporters


Innate Abilities, Weirdness & Mutations

You are too large for most types of armour.
You have claws for hands.
Your natural rate of healing is unusually fast.
You are covered in fur. (AC +1)
You have tough skin. (AC +1)


Message History

Unknown command.
You scratch the gnoll sergeant.
You kill the gnoll sergeant!
Trog accepts your kill.
You have reached level 7!
You mangle the gnoll!!
You kill the gnoll!
Trog accepts your kill.
Things that are here:
a +0 club; a gnoll corpse You start resting.
You feel a strong urge to attack something.
You start resting.
A gnoll comes into view. It is wielding a +0 halberd.
A gnoll is nearby!
A gnoll is nearby!
A gnoll is nearby!
A gnoll is nearby!
You feel your anger nearly subside.
You are no longer berserk.
You are exhausted.
You feel yourself slow down.
The gnoll hits you from afar with a +0 halberd!
The gnoll misses you.
Items here: $ ) ? [.
You are too injured to fight recklessly!
You are too injured to fight recklessly!
You are too injured to fight recklessly!
You are too injured to fight recklessly!
A gnoll comes into view. It is wielding a +0 halberd.
The gnoll hits you with a +0 halberd.
You barely miss the gnoll. The gnoll closely misses you. x2
The gnoll hits you with a +0 halberd.
* * * LOW HITPOINT WARNING * * *
The gnoll hits you from afar with a +0 halberd.
* * * LOW HITPOINT WARNING * * *
You barely miss the gnoll.
The gnoll hits you from afar with a +0 halberd.
* * * LOW HITPOINT WARNING * * *
The gnoll hits you with a +0 halberd!
You die...

#.# #.####### #.......#
#.#####.# #.# #.#
#.#####.##
#####......g.############
#.....#####g.....†......#
#.###.# #.@.###########.#
..# #)### #.# .###.###.#
#.# .......).# ###.#
.#######.# #.).# #.######
#.### #......# #.#
#.####.# #.# #.# #.# #.#


You could see 2 gnolls.

Vanquished Creatures
  Grinder (D:3)
  2 scorpions
  A gnoll sergeant (D:5)
  An orc priest (D:3)
  A gnoll (D:5)
  3 adders
  An ufetubus (D:4)
  3 worms
  3 dart slugs
  6 orcs
  8 bats
  4 endoplasms
  5 giant cockroaches
  11 goblins
  9 hobgoblins
  3 jackals
  2 quokkas
  4 ball pythons
  2 frilled lizards (D:1)
  10 kobolds
  2 rats
82 creatures vanquished.

Notes
Turn   | Place    | Note
-------+----------+-------------------------------------------
     0 | D:1      | kevlar127 the Troll Berserker began the quest for the Orb.
     0 | D:1      | Reached XP level 1. HP: 22/22 MP: 0/0
   165 | D:1      | Reached XP level 2. HP: 24/29 MP: 1/1
   680 | D:1      | Reached XP level 3. HP: 36/36 MP: 2/2
   725 | D:1      | Found a faded altar of an unknown god.
   960 | D:2      | Reached ** piety under Trog
  1278 | D:2      | Reached XP level 4. HP: 45/45 MP: 3/3
  1743 | D:3      | Noticed Grinder
  1756 | D:3      | Paralysed by Grinder for 3 turns
  1764 | D:3      | Killed Grinder
  1765 | D:3      | Reached skill level 5 in Unarmed Combat
  1765 | D:3      | Reached XP level 5. HP: 47/54 MP: 4/4
  1765 | D:3      | Reached XP level 6. HP: 54/62 MP: 5/5
  2276 | D:4      | Found a staircase to the Ecumenical Temple.
  2322 | D:4      | Reached *** piety under Trog
  2425 | D:4      | Found a white marble altar of Elyvilon.
  2568 | D:4      | Found a transporter.
  2605 | D:4      | Found a transporter.
  2827 | D:5      | Entered Level 5 of the Dungeon
  2986 | D:5      | Reached XP level 7. HP: 53/71 MP: 6/6
  2994 | D:5      | Slain by a gnoll

Illustrated notes

Levels and vault maps discovered:
D:1:      elethiomel_arrival_maze, layout_basic,
          shapermc_ecumenical_altar_totnotflames
D:2:      wad_river_or_something, layout_loops_ring, basic_altar,
          amcnicky_mini_rare_corridor_liquid
D:3:      layout_basic, uniq_grinder
D:4:      gammafunk_cloud_chamber, layout_cave_pools, elyvilon_altar_1,
          minmay_temple_entry_butterflies, hex_large, kennysheep_pointless_box
D:5:      layout_loops_ring, chequers_ossuary_entry_cave

Skill      XL: |  1  2  3  4 |
---------------+-------------+-----
Fighting       | 3 4 |  4.9
Dodging        | 3 |  3.0
Unarmed Combat | 5 |  5.9

Action                   |  1- 3 |  4- 6 |  7- 9 || total
-------------------------+-------+-------+-------++-------
Melee: Unarmed           |    91 |   100 |     3 ||   194
       Punch             |     3 |     1 |       ||     4
Invok: Berserk           |       |     1 |       ||     1
 Stab: Sleeping          |     1 |       |       ||     1
Armor: Animal skin       |    27 |    19 |       ||    46
Dodge: Dodged            |    28 |    54 |     3 ||    85

Table legend: (Time is in decaauts)
 A = Elapsed time spent in this place.
 B = Non-inter-level travel time spent in this place.
 C = Inter-level travel time spent in this place.
 D = Time resting spent in this place.
 E = Time spent auto-exploring this place.
 F = Levels seen in this place.
 G = Mean time per level.
                   A        B        C        D        E       F      G
               +--------+--------+--------+--------+--------+-----+--------+
         Total |   2979 |   2820 |    159 |      0 |   2370 |   5 |  595.8 |
       Dungeon |   2979 |   2820 |    159 |      0 |   2370 |   5 |  595.8 |
               +--------+--------+--------+--------+--------+-----+--------+

Top non-repeatable levels by time:
     D:3: 884 daAuts
     D:1: 862 daAuts
     D:4: 649 daAuts
     D:2: 417 daAuts
     D:5: 164 daAuts
